 Dungeon Crawl Stone Soup version 0.30.0-10-gfe55d96785 (webtiles) character file.

Game seed: 7658436102801963522

25 monsoonserge the Covered (level 3, 27/27 HPs)
             Began as a Meteoran Fighter on May 15, 2023.
             Was a Follower of Hepliaklqana.
             Quit the game on level 1 of the Dungeon.
             The game lasted 00:02:16 (362 turns).

monsoonserge the Covered (Meteoran Fighter)          Turns: 362, Time: 00:02:17

Health: 27/27      AC:  7    Str: 19    XL:     3   Next: 38%
Magic:  4/4        EV:  6    Int: 10    God:    Hepliaklqana [*.....]
Gold:   22         SH:  5    Dex: 13    Spells: 2/2 levels left

rFire   . . .        a - +0 flail
rCold   . . .        c - +0 buckler
rNeg    + . .        b - +0 scale mail
rPois   .            (no helmet)
rElec   .            (no cloak)
rCorr   .            (no gloves)
SInv    .            (no boots)
Will    .....        (no amulet) Stlth
                     h - ring of positive energy
HPRegen 0.24/turn    (no ring)
MPRegen 0.09/turn

%: no passive effects
@: glowing, constricted
A: reduced essence, sense surroundings 1, otherworldly, glowing, explore regen
a: Renounce Religion, Recall Ancestor, Ancestor Identity


You were on level 1 of the Dungeon.
You worshipped Hepliaklqana.
Hepliaklqana was aware of your devotion.
You visited 1 branch of the dungeon, and saw 2 of its levels.

You collected 22 gold pieces.

Inventory:

Hand Weapons
 a - a +0 flail (weapon)
Missiles
 g - 2 atropa-tipped darts (quivered)
Armour
 b - a +0 scale mail (worn)
 c - a +0 buckler (worn)
Jewellery
 h - a ring of positive energy (left hand)
Scrolls
 e - a scroll of immolation {unknown}
 f - 3 scrolls of identify {unknown}
Potions
 d - a potion of might
 i - 2 potions of haste {unknown}
 j - a potion of mutation {unknown}


   Skills:
 + Level 3.5 Fighting
 + Level 2.8 Maces & Flails
 + Level 4.3 Armour
 + Level 4.0 Shields


You had 2 spell levels left.
You didn't know any spells.
Your spell library was empty.

Dungeon Overview and Level Annotations

Branches:
Dungeon (2/15) Zot: 816

Altars:
Hepliaklqana


Innate Abilities, Weirdness & Mutations

Your life essence is reduced to manifest your ancestor. (-10% HP)
You passively map a small area around you.
You are easily found by Zot.
You glow in the dark.
You regain HP and MP as you explore.


Message History

You hit the rat.
You kill the rat!
Okay, then.
You enter the shallow water.
Moving in this stuff is going to be slow.
A ball python comes into view.
Found a stone staircase leading down.
Citlalmina barely misses the ball python.
The ball python bites you but does no damage.
The ball python grabs you. The ball python constricts you.
You sock the ball python!
You kill the ball python!
Found a scroll labelled OLU BUCOSESMO.
There is a stone staircase leading down here.
A hobgoblin comes into view.
The hobgoblin shouts!
A ball python comes into view.
The ball python hisses angrily.
The ball python bites you but does no damage.
The ball python barely misses you.
The ball python bites you but does no damage.
You block the ball python's attack.
You closely miss the ball python. You block the ball python's attack.
The ball python grabs you. The ball python constricts you.
You hit the ball python but do no damage.
The ball python bites you but does no damage.
The ball python constricts you.
The hobgoblin hits you but does no damage.
The ball python bites you but does no damage.
The ball python constricts you.
You barely miss the ball python.
The hobgoblin hits you but does no damage.
You block the ball python's attack. The ball python constricts you.
The hobgoblin hits you.
You closely miss the ball python. You block the ball python's attack.
The ball python constricts you.
The hobgoblin hits you but does no damage.
The ball python bites you but does no damage.
The ball python constricts you.
Are you sure you want to abandon this character and quit the game? (Confirm with "yes".)

............. P...#.~.~≈≈~~≈
#####.###### P.♣P♣♣.P...~.~≈≈~≈≈
#.# ####PPPP ♣.♣....~~~~~≈
###.#####........♣P♣P....~≈†.♣~
#............. #..♣♣....≈≈~~._♣
♣♣.♣.#####.##.. *#..PP...~≈~~..♣
*♣P.♣♣.. ,* *#.. #.P♣♣....~≈~~≈~
.♣.♣♣♣##J♣♣♣##.S###.PPPP...~≈≈≈≈≈
#♣...♣*, ......g@R........~~~~~≈~
#♣..P♣,* ♣♣♣#.#.###>#####~~...~..
#♣♣†.♣ * ,#.....# #.....†~. #
♣..♣* * , *####..# #######.# #
♣.P♣ , #..# #.# ##♣.♣♣# ,** #..#
#†# ##..#.##♣ ,...# #.# ........♣
#.############.# ########♣ *
#.#............#


You could see the friendly Citlalmina the ancestor, a hobgoblin and a ball
python (ally target).

Vanquished Creatures
  An endoplasm (D:1)
  A giant cockroach (D:1)
  3 goblins (D:1)
  2 hobgoblins (D:1)
  3 jackals (D:1)
  A kobold (D:1)
  2 quokkas (D:1)
  3 ball pythons (D:1)
  3 bats (D:1)
  A frilled lizard (D:1)
  A rat (D:1)
21 creatures vanquished.

Notes
Turn   | Place    | Note
-------+----------+-------------------------------------------
     0 | D:1      | monsoonserge the Meteoran Fighter began the quest for the
                  | Orb.
     0 | D:1      | Reached XP level 1. HP: 19/19 MP: 2/2
    40 | D:1      | Reached XP level 2. HP: 24/26 MP: 3/3
   263 | D:1      | Reached XP level 3. HP: 31/31 MP: 4/4
   314 | D:1      | Found a faded altar of an unknown god.
   339 | D:1      | Prayed at the altar of an unknown god.
   339 | D:1      | Became a worshipper of Hepliaklqana the Forgotten
   339 | D:1      | Reached * piety under Hepliaklqana
   362 | D:1      | Quit the game

Illustrated notes

Levels and vault maps discovered:
D:1:      grunt_arrival_crossed_arrows, layout_loops_ring, serial_forest,
          infiniplex_forest_straight_1, infiniplex_forest_end_1,
          infiniplex_forest_clump_cross, infiniplex_forest_clump_curved,
          infiniplex_forest_lined_3, infiniplex_forest_clump_double,
          infiniplex_forest_lined_3_way, infiniplex_forest_zigzag_1,
          infiniplex_forest_clump_cross, chequers_ecumenical_altar_island
D:2:      layout_loops_corners, nicolae_shop_vocational

Skill      XL: |  1  2 |
---------------+-------+-----
Armour         | 4 |  4.3
Shields        | 4 |  4.0
Fighting       | |  3.5
Maces & Flails | |  2.8

Action                     || total
---------------------------++-------
  Melee: Flail             ||    50
 Armour: Scale mail        ||    35
  Dodge: Dodged            ||    17
  Block: Buckler           ||    10
